 Dungeon Crawl Stone Soup version 0.18.1-50-g88ac8fd (webtiles) character file.

213 magog001 the Sneak (level 5, 0/35 HPs)
             Began as an Octopode Assassin on June 11, 2017.
             Slain by a phantom (8 damage)
             ... on level 4 of the Dungeon.
             The game lasted 00:21:02 (3532 turns).

magog001 the Sneak (Octopode Assassin)              Turns: 3532, Time: 00:21:02

Health: 0/35       AC:  3    Str: 12    XL:     5   Next: 90%
Magic:  14/14      EV: 12    Int: 18    God:
Gold:   145        SH:  4    Dex: 13    Spells: 0 memorised, 4 levels left

rFire  . . .     SeeInvis .     a - +2 dagger
rCold  . . .     Gourm    .     (no shield)
rNeg   . . .     Faith    .     (helmet restricted)
rPois  .         Spirit   .     p - +4 amulet of reflection
rElec  .         Dismiss  .     t - ring of magical power
rCorr  .         Reflect  +     y - +2 ring of protection
SustAt .         Harm     .     (no ring)
MR     .....                    (no ring)
Stlth  +++++.....               (no ring)
                                (no ring)
                                (no ring)
                                (no ring)

@: brilliant, flying, not resistant to hostile enchantments, quite stealthy
A: almost no armour, amphibious, 8 rings, constrict 8, camouflage 1, gelatinous
body 1
a: no special abilities


You were on level 4 of the Dungeon.
You were hungry.

You visited 1 branch of the dungeon, and saw 4 of its levels.

You collected 145 gold pieces.

Inventory:

Hand Weapons
 a - a +2 dagger (weapon)
 b - a +0 blowgun
 g - a cursed -2 hand axe
 l - a +0 dagger of freezing
 o - a +1 dagger of electrocution
Missiles
 c - 33 poisoned needles
 d - 2 curare-tipped needles
 D - 7 silver tomahawks (quivered)
Jewellery
 p - a +4 amulet of reflection (around mantle)
 t - a ring of magical power (left tentacle)
 y - a +2 ring of protection (right tentacle)
Scrolls
 h - a scroll of immolation {unknown}
 j - 2 scrolls of remove curse {unknown}
 k - 2 scrolls of enchant weapon {unknown}
 r - a scroll of enchant armour {unknown}
 s - 2 scrolls of fear {unknown}
 v - a scroll of teleportation {unknown}
 w - a scroll of magic mapping {unknown}
 x - 2 scrolls of noise {unknown}
 A - a scroll of identify {unknown}
Potions
 e - 2 potions of invisibility {unknown}
 i - a potion of might {unknown}
 m - 4 potions of brilliance
 n - 2 potions of curing
 q - a potion of flight
 u - a potion of ambrosia {unknown}
 B - a potion of heal wounds {unknown}
Comestibles
 f - 4 bread rations
 z - a beef jerky
 C - a slice of pizza
 E - a chunk of flesh


   Skills:
 + Level 2.5 Fighting
 * Level 2.2 Short Blades
 * Level 3.1 Throwing
 * Level 2.4 Dodging
 * Level 7.7 Stealth


You had 4 spell levels left.
You didn't know any spells.

Dungeon Overview and Level Annotations

Branches:
Dungeon (4/15)
 Temple: D:4-7

Altars:
Elyvilon
Makhleb
Vehumet


Innate Abilities, Weirdness & Mutations

You cannot wear most types of armour.
You are amphibious.
You can wear up to eight rings at the same time.
You can use your tentacles to constrict eight enemies at once.
Your skin changes colour to match your surroundings (Stealth).
Your rubbery body absorbs attacks (AC +1).


Message History

The phantom is moderately damaged.
The phantom hits you!
You closely miss the phantom.
The phantom is moderately damaged.
The phantom hits you.
* * * LOW HITPOINT WARNING * * *
Drink which item? (? for menu, Esc to quit)
It was a potion of brilliance.
You feel clever all of a sudden.
The phantom hits you but does no damage.
Drink which item? (? for menu, Esc to quit)
It was a potion of curing.
You feel better. The phantom hits you.
Drink which item? (? for menu, Esc to quit)
It was a potion of flight.
You feel very buoyant.
You fly up into the air.
The phantom hits you.
* * * LOW HITPOINT WARNING * * *
The phantom blinks!
The phantom hits you!
You die...

.. #.# #. #.# #.. #.#
#####.###.# ####
.(........##....#
#........##.#
##....#.###.#
#.##$.....§...#
#.......W@....#
#.###...#.###.#
.........#.###.#
######.........#######
#...#.###.#≈≈≈≈≈#
......>#.....#≈♣.♣≈#
####.###..##.'.._.≈#
#. #.....#≈♣.♣≈# #.
#.#####≈≈≈≈≈#


You could see a phantom.

Vanquished Creatures
  A crimson imp (D:3)
  4 adders
  6 gnolls (D:3)
  An ooze (D:2)
  3 worms
  4 giant geckos
  2 orcs (D:3)
  2 ball pythons
  7 bats
  2 giant cockroaches
  9 hobgoblins
  4 jackals (D:2)
  A quokka (D:2)
  3 giant newts
  8 goblins
  7 kobolds
  6 rats
70 creatures vanquished.

Vanquished Creatures (others)
  A kobold (D:3)
  A rat (D:3)
2 creatures vanquished.

Grand Total: 72 creatures vanquished

Notes
Turn   | Place    | Note
--------------------------------------------------------------
     0 | D:1      | magog001 the Octopode Assassin began the quest for the Orb.
     0 | D:1      | Reached XP level 1. HP: 14/14 MP: 1/1
   316 | D:1      | Reached XP level 2. HP: 19/19 MP: 2/2
   459 | D:1      | Reached skill level 6 in Stealth
  1119 | D:1      | Reached XP level 3. HP: 24/24 MP: 3/3
  1953 | D:2      | Reached XP level 4. HP: 11/29 MP: 4/4
  2588 | D:3      | Found a white marble altar of Elyvilon.
  2715 | D:3      | Reached skill level 7 in Stealth
  2968 | D:3      | Reached XP level 5. HP: 35/35 MP: 5/5
  3343 | D:3      | Found a burning altar of Makhleb.
  3487 | D:4      | Found a radiant altar of Vehumet.
  3499 | D:4      | Noticed a phantom
  3532 | D:4      | Slain by a phantom

Skill      XL: |  1  2  3  4  5 |
---------------+----------------+-----
Stealth        | 6 7 |  7.7
Throwing       | 3 |  3.1
Dodging        | 2 |  2.4
Fighting       | |  2.5
Short Blades   | |  2.2

Action                   |  1- 3 |  4- 6 || total
-------------------------+-------+-------++-------
Melee: Dagger            |    46 |    91 ||   137
       Tentacles         |    12 |    17 ||    29
       Constrict         |    12 |    21 ||    33
 Fire: Blowgun           |    45 |    12 ||    57
  Use: Potion            |       |     3 ||     3
 Stab: Sleeping          |       |    11 ||    11
       Distracted        |       |     2 ||     2
  Eat: Bread ration      |     1 |       ||     1
       Chunk             |       |     3 ||     3
Armor: Skin              |     4 |     5 ||     9
Dodge: Dodged            |    22 |    33 ||    55
Block: Other             |     2 |     8 ||    10
       Reflection        |       |     1 ||     1
